 Dungeon Crawl Stone Soup version 0.15-a0-890-g337b859 (webtiles) character file.

31 rb10c the Magician (level 3, 0/21 HPs)
             Began as a Plutonian Wizard on Feb 22, 2015.
             Slain by Sigmund
             ... wielding a +0,+0 scythe
              (8 damage)
             ... on Level 2 of the Dungeon.
             The game lasted 00:02:30 (794 turns).

rb10c the Magician (Plutonian Wizard)                Turns: 794, Time: 00:02:30

HP   0/21        AC  2     Str  7      XL: 3   Next:  7%
MP   2/9         EV 12     Int 19      God:
Gold 20          SH  0     Dex 11      Spells:  3 memorised,  5 levels left

rFire  . . .     SeeInvis .     (no weapon)
rCold  . . .     Clarity  .     a - +0 robe
rNeg   . . .     Conserve .     (no shield)
rPois  .         rCorr    .     b - +0 hat
rElec  .         rRot     .     (no cloak)
SustAb .         Spirit   .     (no gloves)
rMut   .         Warding  .     (no boots)
Gourm  .         Stasis   .     (no amulet)
MR     .....                    (no ring)
                                (no ring)

@: slightly contaminated, glowing, not resistant to hostile enchantments, very
unstealthy
A: no striking features
a: Overload


You were on level 2 of the Dungeon.
You were not hungry.

You visited 1 branch of the dungeon, and saw 2 of its levels.

You collected 20 gold pieces.

Inventory:

Armour
 a - a +0 robe (worn)
 b - a +0 hat (worn)
Comestibles
 g - a meat ration
 h - a bread ration
 o - a pear
Scrolls
 e - 2 scrolls of enchant weapon II {unknown}
 f - 2 scrolls of teleportation {unknown}
 i - a scroll of remove curse {unknown}
 j - a scroll of identify {unknown}
 l - a scroll of recharging {unknown}
 m - a scroll of blinking {unknown}
Jewellery
 p - an uncursed ring of fire {unknown}
Potions
 d - a potion of curing
 k - a potion of agility {unknown}
 n - a potion of restore abilities {unknown}
Books
 c - a book of Minor Magic

   Spells                             Type                      Level
   *Magic Dart                        Conjuration                  1
   *Blink                             Translocation                2
   *Call Imp                          Summoning                    2
   Repel Missiles                     Charms/Air                   2
   Slow                               Hexes                        2
   Conjure Flame                      Conjuration/Fire             3
   Mephitic Cloud                     Conjuration/Poison/Air       3


   Skills:
 - Level 2.0 Dodging
 - Level 1.7 Stealth
 - Level 4.1 Spellcasting
 + Level 1.1 Conjurations
 + Level 1.2 Summonings
 + Level 1.1 Translocations


You had 5 spell levels left.
You knew the following spells:

 Your Spells              Type           Power        Failure   Level  Hunger
a - Magic Dart            Conj           #...         10%         1    None
b - Blink                 Tloc           N/A          14%         2    #......
c - Call Imp              Summ           #.......     14%         2    #......


Dungeon Overview and Level Annotations

Branches:
Dungeon (2/15)

Altars:

Annotations:
D:2 Sigmund


Message History

A goblin comes into view. It is wielding a dagger.
The goblin shouts!
Casting: Call Imp
Confirm with . or Enter, or press ? or * to list all spells.
A shadowy apparition takes form in the air.
The goblin hits you but does no damage.
Your crimson imp misses the goblin.
Your crimson imp hits the goblin.
The goblin dies!
You see here a dagger.
Found a rambutan.
You start resting.
Something hits you.
You start resting.
Your crimson imp disappears in a puff of smoke!
Your shadow imp barely misses something.
You start resting.
HP restored.
Something hits you!
Ouch! That really hurt!
Your shadow imp hits something but does no damage.
You swap places.
Something hits you!
You die...

.......##.#..#.#.##.....##.....
...######.#....#.##.............
...# #.. ...#.####..###.....
...# .....#.#.####.#### ####
...# ###..#.#.#.......# #.##
##..#.#.#.......###
........ยง#..........
#.....5#..5....###
#.##.#@#.......# #....)......#
#.#.#.......# ...#.######### %..
..# #.##.### . #. #


You could see a friendly shadow imp.

Vanquished Creatures
  An adder (D:2)
  A giant mite (D:1)
  A giant gecko (D:1)
  2 bats
  A hobgoblin (D:1)
  A giant cockroach (D:2)
  A giant newt (D:2)
  2 goblins
  3 rats
13 creatures vanquished.

Vanquished Creatures (collateral kills)
  A bat (D:2)
  2 goblins (D:2)
3 creatures vanquished.

Grand Total: 16 creatures vanquished

Notes
Turn   | Place    | Note
--------------------------------------------------------------
     0 | D:1      | rb10c, the Plutonian Wizard, began the quest for the Orb.
     0 | D:1      | Reached XP level 1. HP: 11/11 MP: 4/4
    89 | D:1      | Reached XP level 2. HP: 9/17 MP: 0/6
   277 | D:1      | Reached skill level 4 in Spellcasting
   432 | D:2      | Learned a level 2 spell: Blink
   435 | D:2      | Learned a level 2 spell: Call Imp
   504 | D:2      | Reached skill level 1 in Summonings
   551 | D:2      | Reached skill level 1 in Conjurations
   551 | D:2      | Reached skill level 1 in Translocations
   632 | D:2      | Reached XP level 3. HP: 21/21 MP: 3/9
   764 | D:2      | Noticed Sigmund
   794 | D:2      | Slain by Sigmund

Action                   || total
-------------------------++-------
Melee: Unarmed           ||    26
 Cast: Magic Dart        ||    41
       Call Imp          ||     4
       Blink             ||     1
